 Dungeon Crawl Stone Soup version 0.31-a0-632-g766dd24fdf (webtiles) character file.

Game seed: 9571911217469234377

8914 Dittersdorf the Blocker (level 11, -1/72 HPs)
             Began as a Gargoyle Fighter on Aug 25, 2023.
             Was a High Priest of Okawaru.
             Slain by a wight
             ... wielding a +0 morningstar
              (4 damage)
             ... on level 10 of the Dungeon.
             The game lasted 00:12:35 (9419 turns).

Dittersdorf the Blocker (Gargoyle Fighter)          Turns: 9419, Time: 00:12:35

Health: -1/72      AC: 25    Str: 28    XL:     11   Next: 38%
Magic:  11/11      EV:  7    Int:  8    God:    Okawaru [*****.]
Gold:   493        SH:  7    Dex: 15    Spells: 10/10 levels left

rFire   . . .        v - +10 hammer "Samp" {drain, rElec Str+3}
rCold   . . .        c - +0 buckler
rNeg    + . .        y - +0 plate armour
rPois   ∞            (no helmet)
rElec   +            x - scarf {repulsion}
rCorr   +            n - +1 pair of gloves
SInv    .            (no boots)
Will    .....        (no amulet) Stlth
                     j - ring of resist corrosion
HPRegen 0.32/turn    q - +6 ring of dexterity
MPRegen 0.12/turn

%: repel missiles
@: no status effects
A: sickness immunity, AC +8, negative energy resistance 1, electricity
resistance, torment resistance 1, petrification resistance
a: Renounce Religion, Heroism, Finesse, Duel


You were on level 10 of the Dungeon.
You worshipped Okawaru.
Okawaru was extremely pleased with you.
You visited 2 branches of the dungeon, and saw 11 of its levels.
You also visited: Sewer.

You collected 493 gold pieces.

Inventory:

Hand Weapons
 a - a +1 heavy flail
 t - a +0 whip
 v - the +10 hammer "Samp" (weapon) {drain, rElec Str+3}
   (You found it on level 3 of the Dungeon)

   Str+3:     It affects your strength (+3).
   rElec:     It insulates you from electricity.
Missiles
 s - 20 poisoned darts (quivered)
Armour
 c - a +0 buckler (worn)
 n - a +1 pair of gloves (worn)
 x - a scarf of repulsion (worn)
 y - a +0 plate armour (worn)
Jewellery
 j - a ring of resist corrosion (left hand)
 q - a +6 ring of dexterity (right hand)
Wands
 w - a wand of roots (3)
Scrolls
 h - 5 scrolls of teleportation
 o - 2 scrolls of enchant weapon
 u - 2 scrolls of blinking
Potions
 b - 4 potions of enlightenment
 d - a potion of might
 e - a potion of resistance
 f - 2 potions of mutation
 g - 3 potions of curing
 i - 4 potions of attraction {unknown}
 k - 2 potions of heal wounds {unknown}
 l - 3 potions of invisibility
 m - a potion of berserk rage
 p - a potion of brilliance
 r - 12 potions of ambrosia


   Skills:
 + Level 10.1 Fighting
 + Level 9.1 Maces & Flails
 + Level 10.1 Armour
 + Level 10.2 Shields


You had 10 spell levels left.
You didn't know any spells.
Your spell library contained the following spells:

 Spells                   Type           Power      Damage    Failure   Level
 Magic Dart               Conj           0%         1d3       98%         1
 Searing Ray              Conj           0%         2d4       99%         2
 Dazzling Flash           Conj/Hex       0%         N/A       100%        3
 Vhi's Electric Charge    Tloc/Air       0%         N/A       100%        3
 Volatile Blastmotes      Fire/Tloc      0%         2d10      100%        3
 Fulminant Prism          Conj/Hex       0%         3d5       100%        4
 Arcjolt                  Conj/Air       0%         1d10      100%        5
 Conjure Ball Lightning   Conj/Air       0%         3x3d6     100%        6
 Plasma Beam              Fire/Air       0%         2x1d10    100%        6
 Starburst                Conj/Fire      0%         6d3       100%        6
 Discord                  Hex            0%         N/A       100%        8
 Disjunction              Tloc           0%         N/A       100%        8
 Maxwell's Capacitive Co  Air            0%         ∞         100%        8


Dungeon Overview and Level Annotations

Branches:
Dungeon (10/15)            Temple (1/1) D:4            Lair (0/5) D:9
    Orc (0/2) D:9           Sewer (visited)

Altars:
Ashenzari
Cheibriados
Dithmenos
Elyvilon
Fedhas
Gozag
Hepliaklqana
Kikubaaqudgha
Makhleb
Nemelex Xobeh
Okawaru
Qazlal
Ru
Sif Muna
Trog
Uskayaw
Vehumet
Wu Jian
Xom
Yredelemnul
Zin
The Shining One


Innate Abilities, Weirdness & Mutations

You are immune to sickness and miasma.
Your stone body is resilient. (AC +8)
You are immune to poison.
You resist negative energy. (rN+)
You are resistant to electric shocks. (rElec)
You are resistant to unholy torment.
You are immune to petrification.


Message History

The wight hits you with a +0 morningstar.
The wight hits you from afar with a +0 halberd.
You block the kobold's attack. The kobold hits you but does no damage.
The yak gores you.
The yak gores you but does no damage. x2
You sock the yak!
You kill the yak!
Okawaru accepts your kill.
The wight hits you from afar with a +2 spear!
* * * LOW HITPOINT WARNING * * *
The wight closely misses you. You block the wight's attack.
The kobold hits you but does no damage. The yak gores you.
* * * LOW HITPOINT WARNING * * *
The kobold hits you but does no damage. The yak gores you but does no damage.
You sock the kobold!
You kill the kobold!
The wight hits you but does no damage. You block the wight's attack.
The wight hits you but does no damage. The kobold hits you but does no damage.
The yak gores you but does no damage. The yak gores you!
* * * LOW HITPOINT WARNING * * *
The kobold hits you but does no damage. The yak gores you.
* * * LOW HITPOINT WARNING * * *
The kobold hits you but does no damage.
Things that are here:
a +0 whip; a stone; a yak corpse The wight attacks as it pursues you!
The wight closely misses you.
The kobold throws a stone.
The stone closely misses you. The wight attacks as it pursues you!
The wight hits you but does no damage. The wight attacks as it pursues you!
The wight closely misses you. The wight attacks as it pursues you!
The wight hits you with a +0 morningstar.
* * * LOW HITPOINT WARNING * * *
The wight attacks as it pursues you! You block the wight's attack.
The wight attacks as it pursues you!
The wight hits you with a +0 morningstar.
* * * LOW HITPOINT WARNING * * *
The wight attacks as it pursues you! The wight hits you but does no damage.
The wight attacks as it pursues you!
The wight hits you with a +0 morningstar.
You die...

..#........# #........Y#
#.######...####........#
#.. #....# ##...K...#
#.. #....# #....z.## ..#
#....## ##.....# #....)#
##.Y..# ##....## #....##
#.....###z##.#
#.....##@.####
..#.....##.##
...........#
#####...#### #####


You could see a yak, 2 wights and a kobold.

Vanquished Creatures
  A hornet (D:9)
  A queen bee (D:9)
  A troll (D:9)
  Sigmund (D:5)
  13 yaks
  A wraith (D:9)
  3 wyverns
  3 steam dragons
  Duvessa (D:6)
  3 water moccasins
  4 orc warriors
  2 ice beasts
  3 sky beasts (D:7)
  2 black bears
  2 ogres
  A phantom (D:7)
  A centaur (D:8)
  5 kobold brigands
  2 bullfrogs
  2 scorpions
  4 gnoll sergeants
  8 wights
  Dowan (D:6)
  24 killer bees (D:9)
  2 electric eels
  A howler monkey (D:5)
  3 orc priests
  3 jellies
  Crazy Yiuf (D:3)
  3 hounds (D:5)
  A gnoll bouda (D:8)
  Ijyb (D:3)
  6 iguanas
  7 orc wizards
  14 gnolls
  10 adders
  4 river rats (Sewer)
  2 white imps
  2 ufetubi
  7 worms
  4 dart slugs
  39 orcs
  13 ball pythons
  3 endoplasms
  4 giant cockroaches
  10 goblins
  9 hobgoblins
  4 jackals
  7 kobolds
  5 quokkas
  6 bats
  4 frilled lizards
  4 rats
268 creatures vanquished.

Notes
Turn   | Place    | Note
-------+----------+-------------------------------------------
     0 | D:1      | Dittersdorf the Gargoyle Fighter began the quest for the
                  | Orb.
     0 | D:1      | Reached XP level 1. HP: 14/14 MP: 1/1
    12 | D:1      | Found a faded altar of an unknown god.
    95 | D:1      | Reached XP level 2. HP: 16/19 MP: 2/2
   361 | D:1      | Reached XP level 3. HP: 23/23 MP: 3/3
  1008 | D:2      | Found a basalt altar of Yredelemnul.
  1132 | D:2      | Reached XP level 4. HP: 29/29 MP: 4/4
  1747 | D:3      | Found a sacrificial altar of Ru.
  1946 | D:3      | Reached XP level 5. HP: 23/33 MP: 5/5
  2136 | D:3      | Noticed Ijyb
  2412 | D:3      | Found a runed translucent door.
  2413 | D:3      | Noticed Crazy Yiuf
  2588 | D:3      | Killed Ijyb
  2626 | D:3      | Killed Crazy Yiuf
  2633 | D:3      | Identified the +10 hammer "Samp" {drain, rElec Str+3}
  2847 | D:4      | Reached XP level 6. HP: 37/39 MP: 6/6
  2922 | D:4      | Found a staircase to the Ecumenical Temple.
  2929 | Temple   | Entered the Ecumenical Temple
  2937 | Temple   | Became a worshipper of Warmaster Okawaru
  3969 | D:5      | Entered Level 5 of the Dungeon
  4013 | D:5      | Noticed Sigmund
  4015 | D:5      | Noticed a water moccasin
  4032 | D:5      | Killed Sigmund
  4033 | D:5      | Reached skill level 5 in Fighting
  4033 | D:5      | Reached skill level 5 in Armour
  4033 | D:5      | Reached skill level 5 in Shields
  4033 | D:5      | Reached XP level 7. HP: 34/44 MP: 7/7
  4041 | D:5      | Reached * piety under Okawaru
  4184 | D:5      | Found a glowing drain.
  4194 | Sewer    | Entered a sewer
  4851 | D:5      | Reached XP level 8. HP: 51/51 MP: 8/8
  5094 | D:5      | Reached skill level 5 in Maces & Flails
  5253 | D:6      | Noticed a yak
  5253 | D:6      | Noticed a yak
  5253 | D:6      | Noticed a yak
  5253 | D:6      | Noticed a yak
  5254 | D:6      | Noticed a yak
  5262 | D:5      | Killed a yak
  5262 | D:5      | Reached ** piety under Okawaru
  5314 | D:5      | Killed a yak
  5318 | D:5      | Killed a yak
  5325 | D:5      | Killed a yak
  5413 | D:5      | Killed a yak
  5413 | D:5      | Reached *** piety under Okawaru
  5414 | D:5      | Reached XP level 9. HP: 53/57 MP: 9/9
  5455 | D:6      | Noticed Dowan
  5455 | D:6      | Noticed Duvessa
  5462 | D:6      | Killed Duvessa
  5466 | D:6      | Killed Dowan
  5489 | D:6      | Found an ornate altar of the Wu Jian Council.
  5665 | D:6      | Found a basalt altar of Yredelemnul.
  5665 | D:6      | Found a faded altar of an unknown god.
  5676 | D:6      | Found a faded altar of an unknown god.
  5678 | D:6      | Found a stormy altar of Qazlal.
  5680 | D:6      | Found a hide-covered altar of Uskayaw.
  6431 | D:7      | Found a glowing silver altar of Zin.
  6685 | D:7      | Found a hazy altar of Hepliaklqana.
  6834 | D:8      | Reached XP level 10. HP: 45/64 MP: 10/10
  6934 | D:8      | Reached **** piety under Okawaru
  7648 | D:8      | Found a bloodstained altar of Trog.
  7903 | D:9      | Found a staircase to the Orcish Mines.
  8203 | D:9      | Reached ***** piety under Okawaru
  8699 | D:9      | Reached XP level 11. HP: 45/71 MP: 11/11
  8842 | D:9      | Received a gift from Okawaru
  8942 | D:9      | Received a gift from Okawaru
  8951 | D:9      | Reached skill level 10 in Shields
  8962 | D:9      | Reached skill level 10 in Armour
  9109 | D:9      | Reached skill level 10 in Fighting
  9129 | D:9      | Found a staircase to the Lair.
  9271 | D:10     | Entered Level 10 of the Dungeon
  9416 | D:10     | HP: 2/72 [wight/+0 morningstar (5)]
  9419 | D:10     | Slain by a wight

Illustrated notes

Levels and vault maps discovered:
D:1:      amcnicky_arrival_wind_blow, layout_loops_ring,
          ebering_ecumenical_altar_abandoned
D:2:      layout_basic, basic_altar
D:3:      layout_basic, hangedman_ru_absence, dk_noncrumbling_2, uniq_ijyb,
          uniq_crazy_yiuf_cottage
D:4:      layout_loops_ring, temple_fountains
D:5:      layout_rooms, cheibrodos_sewer_entry_bend, uniq_sigmund
D:6:      layout_cave_pools, chequers_temple_overflow_minitemple,
          old_standard_altar, minivault_26, uniq_duvessa
D:7:      layout_basic, nicolae_hepliaklqana_hippocampus, zin_academy,
          fountainhead
D:8:      layout_loops_corners, lightli_temple_of_fire,
          minmay_misc_feat_columns, minmay_splitting_lines,
          hangedman_abyss_or_decor_lesser_grid, chequers_mini_garden,
          kennysheep_nub
D:9:      layout_roguey [special_room_bee], grunt_lair_entry_orc_guard_hut,
          kennysheep_orc_monster_closet_entryway, serial_bayou_lagoon_a
D:10:     layout_cave_pods, uniq_erica
Temple:   eino_temple_lava

Skill      XL: |  1  2  3  4  5  6  7  8  9 10 11 |
---------------+----------------------------------+-----
Shields        | 4 5 7 8 9 10 | 10.2
Fighting       | 4 5 7 8 9 10 | 10.1
Armour         | 4 5 7 8 9 10 | 10.1
Maces & Flails | 3 4 5 7 8 9 |  9.1

Action                     |  1- 3 |  4- 6 |  7- 9 | 10-12 || total
---------------------------+-------+-------+-------+-------++-------
  Melee: Flail             |   146 |   112 |       |       ||   258
         Mace              |       |    38 |   205 |   303 ||   546
  Throw: Dart              |       |     2 |     7 |     3 ||    12
 Invoke: Heroism           |       |       |     2 |     2 ||     4
  Evoke: Wand              |       |       |       |     2 ||     2
    Use: Scroll            |       |    11 |     5 |     2 ||    18
 Armour: Scale mail        |    79 |    98 |     6 |       ||   183
         Chain mail        |       |       |   147 |     9 ||   156
         Plate armour      |       |       |       |   228 ||   228
  Dodge: Dodged            |    74 |    77 |    93 |   124 ||   368
         Repelled          |       |       |     1 |     2 ||     3
  Block: Buckler           |    34 |    37 |    59 |   115 ||   245

Table legend: (Time is in decaauts)
 A = Elapsed time spent in this place.
 B = Non-inter-level travel time spent in this place.
 C = Inter-level travel time spent in this place.
 D = Time resting spent in this place.
 E = Time spent auto-exploring this place.
 F = Levels seen in this place.
 G = Mean time per level.
                   A        B        C        D        E       F      G
               +--------+--------+--------+--------+--------+-----+--------+
         Total |   9719 |   9362 |    357 |   1221 |   5992 |  12 |  809.9 |
       Dungeon |   8589 |   8232 |    357 |    821 |   5440 |  10 |  858.9 |
        Temple |    416 |    416 |      0 |    400 |      0 |   1 |  416.0 |
         Sewer |    712 |    712 |      0 |      0 |    551 |   1 |  712.0 |
               +--------+--------+--------+--------+--------+-----+--------+

Top non-repeatable levels by time:
     D:9: 1281 daAuts
     D:8: 1230 daAuts
     D:3: 1088 daAuts
     D:4: 1028 daAuts
     D:2: 877 daAuts
     D:1: 850 daAuts
     D:6: 765 daAuts
     D:5: 744 daAuts
   Sewer: 712 daAuts
     D:7: 591 daAuts
  Temple: 416 daAuts
    D:10: 132 daAuts
